 Dungeon Crawl Stone Soup version 0.22-b1-21-g5cfc1688f2 (webtiles) character file.

155 ravixini the Chopper (level 5, -2/42 HPs)
             Began as a Human Berserker on Aug 8, 2018.
             Was a Priest of Trog.
             Killed by nerve-wracking pain
             ... invoked by Grinder
              (6 damage)
             ... on level 3 of the Dungeon.
             The game lasted 00:15:10 (3089 turns).

ravixini the Chopper (Human Berserker)              Turns: 3089, Time: 00:15:10

Health: -2/42      AC:  6    Str: 19    XL:     5   Next: 63%
Magic:  5/5        EV: 13    Int:  7    God:    Trog [***...]
Gold:   160        SH:  0    Dex: 12    Spells: 4/4 levels left

rFire    . . .     SeeInvis .   a - +0 hand axe
rCold    . . .     Gourm    .   (no shield)
rNeg     . . .     Faith    .   s - +0 ring mail
rPois    .         Spirit   .   k - +0 helmet
rElec    .         Reflect  .   (no cloak)
rCorr    .         Harm     .   (no gloves)
MR       .....                  (no boots)
Stlth    +.........             (no amulet)
HPRegen  0.14/turn              q - +1 ring of evasion
MPRegen  0.09/turn              (no ring)

@: no status effects
A: no striking features
a: Berserk, Trog's Hand, Renounce Religion


You were on level 3 of the Dungeon.
You worshipped Trog.
Trog was most pleased with you.
You were not hungry.

You visited 1 branch of the dungeon, and saw 3 of its levels.

You collected 160 gold pieces.

Inventory:

Hand Weapons
 a - a +0 hand axe (weapon)
 e - a +0 dagger
 h - a +0 spear
 j - a +0 mace
 o - a +0 short sword
 r - a +0 short sword
 t - a +0 dagger
Missiles
 d - 162 stones (quivered)
 f - 10 poisoned needles
 i - 76 arrows
Armour
 b - a +0 animal skin
 k - a +0 helmet (worn)
 l - a +0 large shield
 p - a +0 leather armour
 s - a +0 ring mail (worn)
Jewellery
 q - a +1 ring of evasion (left hand)
Scrolls
 n - a scroll of magic mapping
Potions
 g - a potion of haste
 m - a potion of ambrosia
Comestibles
 c - 6 rations


   Skills:
 + Level 3.9 Fighting
 + Level 4.4 Axes
 + Level 2.1 Armour
 + Level 2.9 Dodging
 + Level 1.3 Stealth


You had 4 spell levels left.
You didn't know any spells.
Your spell library was empty.

Dungeon Overview and Level Annotations

Branches:
Dungeon (3/15)

Altars:

Annotations:
D:3 Grinder


Message History

You kill the dart slug!
Trog accepts your kill.
You closely miss Grinder. Grinder hits you.
Grinder blinks!
You are feeling very hungry.
Grinder hits you.
You writhe in agony.
Your ring mail prevents you from hitting Grinder.
Grinder gestures at you.
You suddenly lose the ability to move!
Grinder hits you.
* * * LOW HITPOINT WARNING * * *
Grinder gestures at you. Pain shoots through your body!
* * * LOW HITPOINT WARNING * * *
Grinder hits you but does no damage.
You can move again.
You eat one of the 7 rations.
That ration really hit the spot!
Grinder gestures at you. Pain shoots through your body!
You die...

#.# #.###
#.# #.#
#.# #.#
#.# #.#
#.# ..#
#.# #. #.#
#5#
#########
#@#
#........
#.#
#.#######
#.# #.#
#.#
#.########
#.#
#.........
#....#
#..#######
# #.####
#..## ###
# #...#
#.. #...#
#.#


You could see Grinder.

Vanquished Creatures
  Robin (D:2)
  5 adders
  4 oozes
  2 adder zombies (D:1)
  3 worms
  A dart slug (D:3)
  2 leopard geckos
  An orc (D:3)
  4 giant cockroaches
  16 goblins
  4 hobgoblins
  3 jackals (D:2)
  4 kobolds
  5 bats (D:1)
  3 frilled lizards (D:1)
  5 rats
63 creatures vanquished.

Notes
Turn   | Place    | Note
-------+----------+-------------------------------------------
     0 | D:1      | ravixini the Human Berserker began the quest for the Orb.
     0 | D:1      | Reached XP level 1. HP: 18/18 MP: 1/1
    26 | D:1      | Reached XP level 2. HP: 6/24 MP: 2/2
   534 | D:1      | Reached XP level 3. HP: 29/29 MP: 3/3
  1073 | D:2      | Reached ** piety under Trog
  1578 | D:2      | Reached XP level 4. HP: 35/36 MP: 4/4
  1653 | D:2      | Noticed Robin
  1688 | D:2      | Killed Robin
  1688 | D:2      | Reached skill level 4 in Axes
  2405 | D:2      | Reached XP level 5. HP: 42/42 MP: 5/5
  2662 | D:2      | Reached skill level 1 in Stealth
  3067 | D:3      | Noticed Grinder
  3076 | D:3      | Reached *** piety under Trog
  3085 | D:3      | Paralysed by Grinder for 4 turns
  3089 | D:3      | Killed from afar by Grinder

Skill      XL: |  1  2  3  4  5 |
---------------+----------------+-----
Axes           | 4 |  4.4
Stealth        | 1 |  1.3
Fighting       | |  3.9
Armour         | |  2.1
Dodging        | |  2.9

Action                   |  1- 3 |  4- 6 || total
-------------------------+-------+-------++-------
Melee: Hand axe          |    93 |   117 ||   210
  Use: Scroll            |     2 |     2 ||     4
       Potion            |     4 |     2 ||     6
 Stab: Sleeping          |     1 |     2 ||     3
  Eat: Chunk             |     2 |     4 ||     6
       Ration            |       |     1 ||     1
Armor: Animal skin       |    30 |     7 ||    37
       Ring mail         |       |     8 ||     8
Dodge: Dodged            |    86 |    83 ||   169
